 Dungeon Crawl Stone Soup version 0.29.1-13-g9f3cf754e1 (webtiles) character file.

Game seed: 11031758010179354597

292 sanboga the Chopper (level 6, -15/55 HPs)
             Began as a Minotaur Fighter on Feb 7, 2023.
             Demolished by a shadow wraith (20 damage)
             ... on level 2 of the Abyss.
             The game lasted 00:03:37 (2916 turns).

sanboga the Chopper (Minotaur Fighter)              Turns: 2916, Time: 00:03:38

Health: -15/55     AC:  7    Str: 22    XL:     6   Next: 10%
Magic:  0/5        EV:  9    Int:  5    God:
Gold:   152        SH:  5    Dex: 10    Spells: 5/5 levels left

rFire   . . .      SeeInvis .   a - +0 war axe
rCold   . . .      Faith    .   c - +1 buckler
rNeg    . . .      Spirit   +   b - +0 scale mail
rPois   .          Reflect  .   (helmet restricted)
rElec   .          Harm     .   (no cloak)
rCorr   .          Rampage  .   (no gloves)
Will    .....                   (no boots)
Stlth   ..........              k - amulet of guardian spirit
HPRegen 0.18/turn               (no ring)
MPRegen 0.09/turn               (no ring)

@: slowed, very slow
A: horns 2, retaliatory headbutt
a: no special abilities


You were on level 2 of the Abyss.
You visited 1 branch of the dungeon, and saw 4 of its levels.
You visited the Abyss 1 time.

You collected 152 gold pieces.

Inventory:

Hand Weapons
 a - a +0 war axe (weapon)
Armour
 b - a +0 scale mail (worn)
 c - a +1 buckler (worn)
Jewellery
 k - an amulet of guardian spirit (around neck)
Scrolls
 e - a scroll of acquirement {unknown}
 f - a scroll of magic mapping
 i - a scroll of brand weapon {unknown}
 j - 5 scrolls of enchant armour
 l - a scroll of identify
 q - a scroll of poison {unknown}
 r - a scroll of fog {unknown}
 s - a scroll of amnesia {unknown}
Potions
 g - 3 potions of curing
 h - a potion of lignification
 o - a potion of haste {unknown}


   Skills:
 + Level 4.9 Fighting
 * Level 5.2 Axes
 + Level 4.9 Armour
 + Level 4.8 Shields


You had 5 spell levels left.
You didn't know any spells.
Your spell library contained the following spells:

 Spells                   Type           Power      Damage    Failure   Level
 Call Canine Familiar     Summ           0%         N/A       99%         3
 Portal Projectile        Hex/Tloc       0%         N/A       99%         3
 Leda's Liquefaction      Hex/Erth       0%         N/A       100%        4


Dungeon Overview and Level Annotations

Branches:
Dungeon (4/15)
 Temple: D:4-7

Altars:

Annotations:
D:4 1 runed translucent door, Edmund


Innate Abilities, Weirdness & Mutations

You have a pair of horns on your head.
You reflexively headbutt those who attack you in melee.


Message History

You slash Edmund!
Edmund is heavily wounded.
Edmund hits you but does no damage. Space warps around you.
You hit Edmund but do no damage.
Edmund is heavily wounded.
You block Edmund's attack.
You hit Edmund.
Edmund is heavily wounded.
Edmund hits you but does no damage. Space warps horribly around you!
Edmund hits you with a +0 dire flail of distortion.
Space warps around you.
You slice Edmund!!
Edmund is almost dead.
Edmund hits you but does no damage. Space warps around you.
You barely miss Edmund.
Edmund is almost dead.
Edmund hits you but does no damage. Space warps around you.
You barely miss Edmund.
Edmund is almost dead.
Edmund hits you but does no damage.
You are cast into the Abyss!
This branch contains the abyssal rune of Zot.
You start resting.
Your transformation is almost over.
You feel less wooden.
Your +0 scale mail unmelds from your body.
You start resting.
A starcursed mass comes into view.
You feel a little less mighty now.
There is a collapsed entrance here.
You can't go down here!
Deactivating autopickup; reactivate with Ctrl-A.
You barely miss something. Something hits you!!
* * * LOW HITPOINT WARNING * * *
Something drains your vigour!
You feel yourself slow down.
You hit something but do no damage. You headbutt something.
You block something's attack. Something hits you!
* * * LOW HITPOINT WARNING * * *
You closely miss something. Something hits you!!
You die...

#........... .......
..
#..........#.....#.#.
#.. .... ........## #
#.........#......# .
#..##..#######.#
#.##..# ### #.#.###
##{## #@#. #.#.#
#####


There were no monsters in sight!

Vanquished Creatures
  A necrophage (D:4)
  9 adders
  5 gnolls
  A worm (D:2)
  5 dart slugs
  4 orcs (D:3)
  5 ball pythons
  8 endoplasms
  5 giant cockroaches
  3 goblins
  7 hobgoblins
  8 jackals
  6 quokkas
  3 bats
  6 frilled lizards
  9 kobolds
  3 rats (D:1)
88 creatures vanquished.

Notes
Turn   | Place    | Note
-------+----------+-------------------------------------------
     0 | D:1      | sanboga the Minotaur Fighter began the quest for the Orb.
     0 | D:1      | Reached XP level 1. HP: 19/19 MP: 0/0
   229 | D:1      | Reached XP level 2. HP: 27/27 MP: 1/1
   241 | D:1      | Reached skill level 3 in Axes
   473 | D:1      | Reached XP level 3. HP: 33/33 MP: 2/2
  1298 | D:2      | Reached XP level 4. HP: 33/40 MP: 3/3
  1410 | D:2      | Reached skill level 4 in Axes
  1759 | D:3      | Reached XP level 5. HP: 34/47 MP: 4/4
  2158 | D:3      | Found a faded altar of an unknown god.
  2522 | D:4      | Reached skill level 5 in Axes
  2659 | D:4      | Reached XP level 6. HP: 48/55 MP: 5/5
  2827 | D:4      | Found a runed translucent door.
  2839 | D:4      | Noticed Edmund
  2848 | Abyss:2  | Cast into level 2 of the Abyss (Edmund)
  2881 | Abyss:2  | Noticed a starcursed mass
  2916 | Abyss:2  | Demolished by a shadow wraith

Illustrated notes

Levels and vault maps discovered:
D:1:      tarquinn_simple_flora_water_d, layout_basic, minmay_worlds_worst_comb
D:2:      wander_river, layout_basic
D:3:      layout_rooms, ebering_ecumenical_altar_petrified
D:4:      layout_gridville, lemuel_tele_altar, ebering_ghost_sewer_d,
          grunt_ministairs_12, st_stairs_5, uniq_edmund
Abyss:2:  base:
D:4

Skill      XL: |  1  2  3  4  5 |
---------------+----------------+-----
Axes           | 3 4 5 |  5.2
Fighting       | 4 |  4.9
Armour         | 4 |  4.9
Shields        | 4 |  4.8

Action                   |  1- 3 |  4- 6 || total
-------------------------+-------+-------++-------
Melee: War axe           |    93 |   118 ||   211
       Headbutt          |    10 |    16 ||    26
  Use: Scroll            |       |     6 ||     6
       Potion            |       |     2 ||     2
Armor: Scale mail        |    54 |    38 ||    92
       Skin              |       |     6 ||     6
Dodge: Dodged            |    46 |    55 ||   101
Block: Buckler           |    21 |    30 ||    51
